 Dungeon Crawl Stone Soup version 0.30.0-7-g0c4daa9e05 (webtiles) character file.

Game seed: 15836060358818746403

1307 Atelerd the Sneak (level 8, -5/50 HPs)
             Began as an Octopode Earth Elementalist on May 13, 2023.
             Was a Believer of Sif Muna.
             Slain by a gnoll
             ... wielding a +0 whip
              (9 damage)
             ... on level 5 of the Dungeon.
             The game lasted 00:09:11 (6196 turns).

Atelerd the Sneak (Octopode Earth Elementalist)     Turns: 6196, Time: 00:09:11

Health: -5/50      AC:  5    Str: 10    XL:     8   Next: 57%
Magic:  15/15      EV: 14    Int: 25    God:    Sif Muna [**....]
Gold:   223        SH:  0    Dex: 13    Spells: 12/17 levels left

rFire   + . .        v - +8 hand axe "Icyolol" {freeze, *Rage rCorr Str+3}
rCold   x . .        (no shield)
rNeg    . . .        (helmet restricted)
rPois   .            (no amulet)
rElec   .            d - ring of wizardry
rCorr   +            u - +4 ring of protection
SInv    .            j - ring of fire
Will    .....        y - +6 ring of intelligence
Stlth   ++++         (no ring)
HPRegen 0.28/turn    (no ring)
MPRegen 0.14/turn    (no ring)
                     (no ring)

%: random rage (20%), wizardry (x1)
@: lethally poisoned (-5 -> -43)
A: almost no armour, amphibious, 8 rings, camouflage 1, gelatinous body 1,
(nimble swimmer 1), tentacles
a: Renounce Religion, Channel Magic


You were on level 5 of the Dungeon.
You worshipped Sif Muna.
Sif Muna was pleased with you.
You visited 2 branches of the dungeon, and saw 6 of its levels.

You collected 223 gold pieces.

Inventory:

Hand Weapons
 i - a +0 dagger
 v - the +8 hand axe "Icyolol" (weapon) {freeze, *Rage rCorr Str+3}
   (You found it on level 2 of the Dungeon)

   Str:       It affects your strength (+3).
   *Rage:     It berserks you when you make melee attacks (+20% chance).
   rCorr:     It protects you from acid and corrosion.
Jewellery
 d - a ring of wizardry (left tentacle)
 j - a ring of fire (on tentacle)
 u - a +4 ring of protection (right tentacle)
 y - a +6 ring of intelligence (on tentacle)
Wands
 w - a wand of paralysis (5)
 B - a wand of roots (4)
Scrolls
 e - a scroll of blinking {unknown}
 g - a scroll of poison {unknown}
 h - 3 scrolls of fear {unknown}
 k - 3 scrolls of teleportation
 l - 2 scrolls of amnesia {unknown}
 n - 8 scrolls of identify {unknown}
 p - a scroll of noise {unknown}
 s - 2 scrolls of vulnerability {unknown}
 x - a scroll of enchant weapon {unknown}
 C - a scroll of silence {unknown}
Potions
 a - a potion of magic
 b - a potion of lignification
 c - a potion of brilliance {unknown}
 f - a potion of degeneration {unknown}
 m - a potion of curing
 o - a potion of resistance {unknown}
 q - a potion of heal wounds {unknown}
 r - a potion of haste {unknown}
 t - a potion of flight {unknown}
 z - a potion of berserk rage {unknown}
 A - a potion of attraction {unknown}


   Skills:
 - Level 2.0 Fighting
 - Level 2.0 Short Blades
 + Level 4.4 Dodging
 - Level 6.0 Stealth
 + Level 5.0 Spellcasting
 - Level 3.0 Transmutations
 - Level 6.0 Earth Magic


You had 12 spell levels left.
You knew the following spells:

 Your Spells              Type           Power      Damage    Failure   Level
a - Sandblast             Erth           72%        2d16      1%          1
p - Petrify               Tmut/Erth      28%        N/A       5%          4

Your spell library contained the following spells:

 Spells                   Type           Power      Damage    Failure   Level
 Passwall                 Tmut/Erth      23%        N/A       1%          2
 Stone Arrow              Conj/Erth      42%        3d9       2%          3
 Hailstorm                Conj/Ice       6%         3d4       10%         3
 Ice Form                 Ice/Tmut       13%        N/A       17%         4
 Simulacrum               Ice/Necr       3%         N/A       99%         6


Dungeon Overview and Level Annotations

Branches:
Dungeon (5/15)             Temple (1/1) D:4

Altars:
Cheibriados
Dithmenos
Elyvilon
Gozag
Hepliaklqana
Kikubaaqudgha
Makhleb
Nemelex Xobeh
Okawaru
Sif Muna
Trog
Vehumet
Wu Jian
Yredelemnul
Zin

Shops:
D:1 =

Annotations:
D:5 1 runed translucent door, Crazy Yiuf


Innate Abilities, Weirdness & Mutations

You cannot wear most types of armour.
You are amphibious.
You can wear up to eight rings at the same time.
Your skin changes colour to match your surroundings (Stealth+).
Your rubbery body absorbs attacks. (AC +1, EV +1)
((You are camouflaged when in or above water. (Stealth+)))
You have tentacles for arms and can constrict up to eight enemies at once.


Message History

The blast of sand hits the kobold!!
You kill the kobold!
Sif Muna accepts your kill.
You can't see any susceptible monsters within range! (Use Z to cast anyway.)
You see here 5 stones.
You see here 7 stones.
You open the door. 5 hobgoblins and 4 gnolls come into view.
A gnoll is wielding a +2 flail of venom.
Found 99 gold pieces.
The hobgoblin shouts!
The gnoll shouts! x2; The hobgoblin shouts!
The gnoll shouts!
The hobgoblin shouts! x2; The gnoll shouts!
The gnoll misses you.
The gnoll hits you with a +2 flail of venom!
You are poisoned.
The hobgoblin hits you but does no damage.
There is an open door here.
You closely miss the gnoll. Your grab misses the gnoll.
You slash the hobgoblin! You freeze the hobgoblin.
You kill the hobgoblin!
Sif Muna accepts your kill.
You hit the gnoll. You freeze the gnoll.
You feel very sick. The gnoll hits you with a +0 spear!
The gnoll hits you with a +2 flail of venom!
You are lethally poisoned!
The gnoll barely misses you. The gnoll misses you.
The gnoll closely misses you.
You slash the gnoll! You freeze the gnoll. Your grab misses the gnoll.
Your squeeze misses the gnoll.
The gnoll is severely wounded.
You hit the gnoll. You freeze the gnoll. You hit the gnoll.
You freeze the gnoll.
You feel extremely sick. The gnoll hits you but does no damage.
The gnoll hits you with a +2 flail of venom!
* * * LOW HITPOINT WARNING * * *
You are more poisoned.
The gnoll hits you with a +0 whip!
You die...

##############
########≈≈≈≈≈≈≈≈≈≈≈≈≈
####≈≈≈≈≈≈≈≈≈≈≈≈≈≈≈≈≈≈≈≈
##≈≈≈≈#####≈≈≈≈≈≈≈≈≈≈≈≈≈≈
##≈≈≈≈≈#$gg###############
#≈≈≈≈≈≈#ggg#..............
##≈≈≈≈≈≈#ggg#..............
#≈≈≈≈≈≈≈##@##..............
##≈≈≈≈≈≈≈≈#(.....########...
#≈≈≈≈≈≈≈≈≈#......# #...
#≈≈≈≈≈≈≈≈≈#(.....########...
##≈≈≈≈≈≈≈≈##'##..............
#≈≈≈≈≈≈≈≈≈#.))#..)...........
#≈≈≈≈≈≈≈≈≈#...#(.......[.....
#≈≈≈≈≈≈≈≈≈#...###############
#≈≈≈≈≈≈≈≈≈#####≈≈≈≈≈≈≈≈≈≈≈≈≈≈


You could see 4 gnolls and 4 hobgoblins.

Vanquished Creatures
  2 phantoms (D:4)
  4 kobold brigands (D:5)
  A gnoll sergeant (D:2)
  A bullfrog (D:4)
  2 scorpions (D:5)
  3 jellies
  A sleepcap (D:4)
  An orc priest (D:4)
  A hound (D:4)
  An iguana (D:4)
  Ijyb (D:5)
  Natasha (thrice) (D:3)
  9 adders
  12 gnolls
  A shadow imp (D:5)
  4 worms
  4 dart slugs
  7 orcs
  2 endoplasms (D:1)
  4 giant cockroaches
  5 goblins
  6 hobgoblins
  4 jackals (D:1)
  3 quokkas
  7 ball pythons
  6 bats
  3 frilled lizards
  41 kobolds
  11 rats
150 creatures vanquished.

Vanquished Creatures (others)
  A human (D:4)
1 creature vanquished.

Grand Total: 151 creatures vanquished

Notes
Turn   | Place    | Note
-------+----------+-------------------------------------------
     0 | D:1      | Atelerd the Octopode Earth Elementalist began the quest for
                  | the Orb.
     0 | D:1      | Reached XP level 1. HP: 11/11 MP: 3/3
   166 | D:1      | Reached XP level 2. HP: 9/17 MP: 0/5
   276 | D:1      | Found Unwao's Jewellery Emporium.
   896 | D:2      | Reached XP level 3. HP: 21/21 MP: 4/6
  1337 | D:2      | Reached XP level 4. HP: 18/27 MP: 3/7
  1528 | D:2      | Found a faded altar of an unknown god.
  1671 | D:2      | Noticed a gnoll sergeant
  1672 | D:2      | Identified the +8 hand axe "Icyolol" {freeze, *Rage rCorr
                  | Str+3}
  1714 | D:3      | Learned a level 4 spell: Petrify
  1753 | D:3      | Reached XP level 5. HP: 31/31 MP: 7/9
  1872 | D:3      | Noticed Natasha
  1874 | D:3      | Killed Natasha
  2139 | D:3      | Noticed Natasha
  2144 | D:3      | Killed Natasha
  2201 | D:3      | Noticed Natasha
  2204 | D:3      | Killed Natasha
  2610 | D:4      | Reached XP level 6. HP: 19/37 MP: 0/10
  2860 | D:4      | Found a staircase to the Ecumenical Temple.
  2937 | D:4      | Reached skill level 1 in Fighting
  2955 | Temple   | Entered the Ecumenical Temple
  3141 | Temple   | Became a worshipper of Sif Muna the Loreminder
  3359 | D:4      | Reached skill level 1 in Short Blades
  3431 | D:4      | Reached skill level 5 in Stealth
  3431 | D:4      | Reached XP level 7. HP: 42/44 MP: 6/12
  3601 | D:4      | Found an ancient bone altar of Kikubaaqudgha.
  3606 | D:4      | Noticed a human
  3608 | D:4      | Killed a human
  3730 | D:4      | Reached skill level 5 in Earth Magic
  4381 | D:5      | Entered Level 5 of the Dungeon
  4408 | D:5      | Found a radiant altar of Vehumet.
  4520 | D:5      | Found a runed translucent door.
  4521 | D:5      | Noticed Crazy Yiuf
  4539 | D:5      | Noticed Ijyb
  4544 | D:5      | Paralysed by Ijyb for 2 turns
  4550 | D:5      | Killed Ijyb
  4550 | D:5      | Reached * piety under Sif Muna
  5010 | D:5      | Reached XP level 8. HP: 46/50 MP: 8/13
  5818 | D:5      | HP: 3/75 [kobold brigand/+0 whip (6)]
  5826 | D:5      | Reached ** piety under Sif Muna
  6138 | D:5      | Reached skill level 5 in Spellcasting
  6196 | D:5      | Slain by a gnoll

Illustrated notes

Levels and vault maps discovered:
D:1:      dpeg_arrival_simpleton_c, layout_loops_ring, serial_shops, shop
D:2:      layout_loops_cross, basic_ecumenical_altar,
          pf_guarded_unrand_woodcutter
D:3:      layout_loops_ring, minmay_diced_spiral, uniq_natasha
D:4:      layout_cave_pods, tgw_kikubaaqudgha, minmay_temple_entry_grid
D:5:      minmay_goblin_kobold_castle, layout_basic,
          mainiacjoe_overflow_catwalk, lemuel_flame_loot_1, uniq_ijyb,
          uniq_crazy_yiuf_cottage
Temple:   hellmonk_temple_forest_ring

Skill      XL: |  1  2  3  4  5  6  7  8 |
---------------+-------------------------+-----
Stealth        | 3 4 5 6 |  6.0
Transmutations | 2 3 |  3.0
Earth Magic    | 4 5 6 |  6.0
Spellcasting   | 3 5 |  5.0
Fighting       | 1 2 |  2.0
Short Blades   | 1 2 |  2.0
Dodging        | 3 4 |  4.4

Action                     |  1- 3 |  4- 6 |  7- 9 || total
---------------------------+-------+-------+-------++-------
  Melee: Unarmed           |    13 |       |       ||    13
         Tentacles         |     3 |     1 |    11 ||    15
         Constrict         |     8 |     3 |    15 ||    26
         Dagger            |     2 |    32 |     8 ||    42
         Hand axe          |       |       |    48 ||    48
         Punch             |       |       |     1 ||     1
   Cast: Sandblast         |    40 |    71 |    67 ||   178
         Petrify           |       |     2 |     8 ||    10
    Use: Potion            |       |     2 |     5 ||     7
         Scroll            |       |     2 |     1 ||     3
   Stab: Sleeping          |     2 |     1 |     2 ||     5
         Petrified         |       |     2 |     9 ||    11
         Petrifying        |       |       |     1 ||     1
 Armour: Skin              |     5 |    29 |   103 ||   137
  Dodge: Dodged            |    20 |    21 |   112 ||   153
